 Dungeon Crawl Stone Soup version 0.28.0-43-g3370ac3207 (webtiles) character file.

Game seed: 16000968595987296595

12155 fknight the Spear-Bearer (level 11, -20/89 HPs)
             Began as a Gnoll Berserker on Mar 13, 2022.
             Was an Elder of Trog.
             Demolished by Sonja
             ... wielding a +1 dagger of distortion
              (23 damage)
             ... on level 1 of the Lair of Beasts.
             The game lasted 00:44:47 (12040 turns).

fknight the Spear-Bearer (Gnoll Berserker)         Turns: 12040, Time: 00:44:49

Health: -20/89     AC: 17    Str: 19    XL:     11   Next: 88%
Magic:  30/30      EV: 11    Int:  6    God:    Trog [****..]
Gold:   689        SH:  0    Dex: 14    Spells: 23/23 levels left

rFire   + + .      SeeInvis .   g - +3 spear (freeze)
rCold   + + .      Faith    +   (no shield)
rNeg    . . .      Spirit   .   c - +1 chain mail of Xeluf {rElec rF++ Regen+ Stlth-}
rPois   .          Reflect  .   r - +0 helmet
rElec   +          Harm     .   (no cloak)
rCorr   .          Rampage  .   x - +1 pair of gloves
Will    +....                   y - +0 pair of boots
Stlth   ..........              I - amulet "Kiahour" {Faith rC++ Will+ MP+9}
HPRegen 1.04/turn               (no ring)
MPRegen 0.22/turn               (no ring)

@: lethally poisoned (-20 -> -22), on berserk cooldown, slowed, very slow
A: fangs 1, strong nose, distributed training
a: Renounce Religion, Berserk, Trog's Hand, Brothers in Arms


You were on level 1 of the Lair of Beasts.
You worshipped Trog.
Trog was greatly pleased with you.
You visited 2 branches of the dungeon, and saw 10 of its levels.

You collected 689 gold pieces.

Inventory:

Hand Weapons
 d - a +4 trident
 g - a +3 spear of freezing (weapon)
 k - a +3 spear
 l - a +0 hunting sling
 n - a +1 vorpal dire flail
 p - a +0 fustibalus
 J - a +0 halberd
 N - a +4 shortbow
 R - a +1 flail of holy wrath
 S - a +4 trident
 U - a +2 dagger of freezing
 V - a +2 falchion
 Y - a +3 dagger of venom
 Z - a +3 quarterstaff
Missiles
 h - 2 atropa-tipped darts
 i - 155 sling bullets
 m - 219 stones (quivered)
 v - 19 poisoned darts
 G - 9 boomerangs
 P - 237 arrows
 W - 10 curare-tipped darts
Armour
 b - a +0 leather armour of cold resistance
 c - the +1 chain mail of Xeluf (worn) {rElec rF++ Regen+ Stlth-}
   (You acquired it on level 8 of the Dungeon)

   rF:        It greatly protects you from fire.
   rElec:     It insulates you from electricity.
   Regen:     It increases your rate of health regeneration.
   Stlth:     It makes you less stealthy.
 r - a +0 helmet (worn)
 x - a +1 pair of gloves (worn)
 y - a +0 pair of boots (worn)
 X - a +0 plate armour
Jewellery
 o - an amulet of guardian spirit
 I - the amulet "Kiahour" (around neck) {Faith rC++ Will+ MP+9}
   (You found it on level 6 of the Dungeon)

   [amulet of faith]

   It allows you to gain divine favour quickly.
   rC:        It greatly protects you from cold.
   MP:        It affects your magic capacity (+9).
   Will:      It increases your willpower.
Wands
 a - a wand of flame (12)
 j - a wand of charming (4)
 B - a wand of iceblast (15)
Scrolls
 e - 2 scrolls of blinking
 u - a scroll of magic mapping
 z - 7 scrolls of teleportation
 A - a scroll of identify
 D - a scroll of noise {unknown}
 H - a scroll of torment {unknown}
 Q - a scroll of holy word {unknown}
 T - a scroll of enchant weapon {unknown}
Potions
 f - 2 potions of cancellation
 q - 3 potions of flight
 s - a potion of invisibility {unknown}
 t - a potion of lignification {unknown}
 w - 2 potions of mutation
 C - 5 potions of curing
 F - 2 potions of magic
 L - 5 potions of haste
 M - a potion of berserk rage
 O - 2 potions of resistance


   Skills:
 + Level 9.5 Fighting
 + Level 6.7 Short Blades
 + Level 6.7 Long Blades
 + Level 6.7 Axes
 + Level 6.7 Maces & Flails
 + Level 9.5 Polearms
 + Level 6.7 Staves
 + Level 6.7 Slings
 + Level 6.7 Bows
 + Level 6.7 Crossbows
 + Level 6.7 Throwing
 + Level 8.2 Armour
 + Level 8.2 Dodging
 + Level 6.7 Stealth
 + Level 6.7 Shields
 + Level 6.7 Unarmed Combat
 + Level 6.7 Spellcasting
 + Level 5.5 Conjurations
 + Level 5.5 Hexes
 + Level 5.5 Summonings
 + Level 5.5 Necromancy
 + Level 5.5 Translocations
 + Level 5.5 Transmutations
 + Level 5.5 Fire Magic
 + Level 5.5 Ice Magic
 + Level 5.5 Air Magic
 + Level 5.5 Earth Magic
 + Level 5.5 Poison Magic
 + Level 7.3 Invocations
 + Level 6.7 Evocations


You had 23 spell levels left.
You didn't know any spells.
Your spell library was empty.

Dungeon Overview and Level Annotations

Branches:
Dungeon (9/15)             Temple (0/1) D:4            Lair (1/6) D:8
    Orc: D:9-12

Altars:
Fedhas
Kikubaaqudgha
Okawaru
Qazlal
Ru
Sif Muna
Trog
Uskayaw
Vehumet
Wu Jian
The Shining One

Shops:
D:3 (   D:9 *

Annotations:
Lair:1 Sonja


Innate Abilities, Weirdness & Mutations

You have very sharp teeth.
Your uncanny sense of smell can sniff out nearby items.
Your experience applies equally to all skills.


Message History

Trog accepts your kill.
You feel the effects of Trog's Hand fading.
You puncture the yak! You freeze the yak.
The yak is heavily wounded.
Sonja mumbles some strange words.
Sonja blinks!
You puncture the yak! You freeze the yak. You bite the yak.
The yak is almost dead.
The yak closely misses you.
You impale the yak!! You freeze the yak.
You kill the yak!
Trog accepts your kill.
Okay, then.
Reach: g) +3 spear (freeze)
Press: ? - help, Dir - move target, f - yak
Aim: a yak (about 21% to evade your +3 spear of freezing)
You reach to attack!
You puncture the yak! You freeze the yak.
The yak is heavily wounded.
You hit the yak. You freeze the yak.
The yak is heavily wounded.
You puncture the yak! You freeze the yak.
You kill the yak!
Trog accepts your kill.
Sonja throws a curare-tipped dart.
The curare-tipped dart hits you.
You are poisoned.
You have difficulty breathing.
* * * LOW HITPOINT WARNING * * *
You feel yourself slow down.
You are no longer berserk.
You are exhausted.
You feel as though you will be slow longer.
You feel very sick. Sonja closely misses you. x3
You completely miss Sonja. Your bite misses Sonja.
Sonja is moderately wounded.
Your skin stops crawling.
You feel less strong-willed.
You feel sick. Sonja hits you but does no damage. Space warps around you.
* * * LOW HITPOINT WARNING * * *
Sonja hits you but does no damage. Space warps horribly around you!!
You die...

#.........# #.........#
##........### #.........##.
##............ #...........##
######.....#####
#########.##.....###
#....†Y@K....÷..## ###
.#+###.#..#####.#PP..# ####.#
.Y.Y..##.....######.####...##
#...#.##...# #..........
................# #..........
..8[#.+...8...#.###..........
......#..(....+.#............
. . ...
#...................... .
..... ##......#..............


You could see a yak and Sonja.

Vanquished Creatures
  Gastronok (D:9)
  A fire dragon (Lair:1)
  A hydra (D:9)
  A cyclops (D:7)
  A black mamba (Lair:1)
  3 cane toads (Lair:1)
  A komodo dragon (Lair:1)
  A troll (D:5)
  Sigmund (D:5)
  3 wyverns
  13 yaks
  A shadow (D:9)
  A steam dragon (D:8)
  Menkaure (D:5)
  Edmund (D:5)
  3 water moccasins
  3 ice beasts
  A black bear (D:7)
  4 orc warriors
  2 sky beasts
  3 necrophages
  An ogre (D:7)
  9 centaurs
  4 phantoms
  2 kobold brigands (D:8)
  6 bullfrogs
  A scorpion (D:6)
  A wyvern skeleton (D:7)
  A water moccasin skeleton (D:5)
  A killer bee (D:8)
  8 wights
  7 howler monkeys
  A centaur zombie (D:7)
  2 bullfrog zombies (D:6)
  A hound (D:6)
  2 bullfrog skeletons
  A gnoll shaman (D:6)
  6 orc priests
  3 jellies
  3 iguanas
  3 orc wizards
  A killer bee zombie (D:6)
  3 howler monkey zombies (D:8)
  10 gnolls
  10 adders
  An ufetubus (D:6)
  A worm (D:2)
  2 dart slugs
  27 orcs
  6 endoplasms
  4 giant cockroaches
  6 goblins
  12 hobgoblins
  4 kobolds
  7 quokkas
  9 ball pythons
  4 bats
  2 frilled lizards (D:2)
  2 rats (D:2)
221 creatures vanquished.

Vanquished Creatures (others)
  An ice beast (D:8)
  An orc wizard (D:8)
  A plant (Lair:1)
3 creatures vanquished.

Grand Total: 224 creatures vanquished

Notes
Turn   | Place    | Note
-------+----------+-------------------------------------------
     0 | D:1      | fknight the Gnoll Berserker began the quest for the Orb.
     0 | D:1      | Reached XP level 1. HP: 23/23 MP: 1/1
   296 | D:1      | Reached XP level 2. HP: 28/29 MP: 2/2
   329 | D:1      | Found a faded altar of an unknown god.
  1034 | D:2      | Reached XP level 3. HP: 28/35 MP: 3/3
  1218 | D:2      | Reached skill level 1 in Invocations
  1448 | D:2      | Found a stormy altar of Qazlal.
  1640 | D:2      | Reached ** piety under Trog
  1641 | D:2      | Reached skill level 1 in Short Blades
  1641 | D:2      | Reached skill level 1 in Long Blades
  1641 | D:2      | Reached skill level 1 in Axes
  1641 | D:2      | Reached skill level 1 in Maces & Flails
  1641 | D:2      | Reached skill level 1 in Staves
  1641 | D:2      | Reached skill level 1 in Slings
  1641 | D:2      | Reached skill level 1 in Bows
  1641 | D:2      | Reached skill level 1 in Crossbows
  1641 | D:2      | Reached skill level 1 in Throwing
  1641 | D:2      | Reached skill level 1 in Stealth
  1641 | D:2      | Reached skill level 1 in Shields
  1641 | D:2      | Reached skill level 1 in Unarmed Combat
  1641 | D:2      | Reached skill level 1 in Spellcasting
  1641 | D:2      | Reached skill level 1 in Evocations
  1718 | D:2      | Reached XP level 4. HP: 35/41 MP: 5/5
  2044 | D:3      | Reached skill level 1 in Conjurations
  2044 | D:3      | Reached skill level 1 in Hexes
  2044 | D:3      | Reached skill level 1 in Summonings
  2044 | D:3      | Reached skill level 1 in Necromancy
  2044 | D:3      | Reached skill level 1 in Translocations
  2044 | D:3      | Reached skill level 1 in Transmutations
  2044 | D:3      | Reached skill level 1 in Fire Magic
  2044 | D:3      | Reached skill level 1 in Ice Magic
  2044 | D:3      | Reached skill level 1 in Air Magic
  2044 | D:3      | Reached skill level 1 in Earth Magic
  2044 | D:3      | Reached skill level 1 in Poison Magic
  2081 | D:3      | Found Kaodon's Weapon Shoppe.
  2502 | D:3      | Reached XP level 5. HP: 47/47 MP: 6/6
  3004 | D:4      | Found a staircase to the Ecumenical Temple.
  3031 | D:4      | Noticed a phantom
  3042 | D:4      | Killed a phantom
  3048 | D:4      | Reached XP level 6. HP: 53/53 MP: 8/8
  3268 | D:4      | Reached skill level 5 in Armour
  3268 | D:4      | Reached skill level 5 in Dodging
  3788 | D:5      | Entered Level 5 of the Dungeon
  4006 | D:5      | Noticed a troll
  4016 | D:5      | Killed a troll
  4017 | D:5      | Reached XP level 7. HP: 60/60 MP: 10/10
  4275 | D:5      | Noticed Edmund
  4290 | D:5      | Killed Edmund
  4291 | D:5      | Reached XP level 8. HP: 67/67 MP: 12/12
  4339 | D:5      | Noticed Menkaure
  4350 | D:5      | Killed Menkaure
  4767 | D:5      | Noticed Sigmund
  4807 | D:5      | Killed Sigmund
  5792 | D:6      | Identified the amulet "Kiahour" {Faith rC++ Will+ MP+9}
  6333 | D:6      | Reached *** piety under Trog
  6513 | D:6      | Reached XP level 9. HP: 63/72 MP: 14/14
  6803 | D:7      | Found a blossoming altar of Fedhas.
  6805 | D:7      | Found an iron altar of Okawaru.
  6808 | D:7      | Found a shimmering blue altar of Sif Muna.
  6811 | D:7      | Found a hide-covered altar of Uskayaw.
  6812 | D:7      | Found an ornate altar of the Wu Jian Council.
  6814 | D:7      | Found a radiant altar of Vehumet.
  6814 | D:7      | Found a sacrificial altar of Ru.
  6815 | D:7      | Found a glowing golden altar of the Shining One.
  6817 | D:7      | Found a bloodstained altar of Trog.
  6821 | D:7      | Found an ancient bone altar of Kikubaaqudgha.
  6822 | D:7      | Found a stormy altar of Qazlal.
  7214 | D:7      | Identified the +1 robe of Buosure {Dex+3 Stlth+}
  7730 | D:7      | Reached skill level 5 in Invocations
  7859 | D:7      | Noticed a cyclops
  7869 | D:7      | Killed a cyclops
  8319 | D:8      | Identified a scroll of acquirement
  8319 | D:8      | Acquired the +1 chain mail of Xeluf {rElec rF++ Regen+
                  | Stlth-}
  8385 | D:8      | Reached XP level 10. HP: 80/80 MP: 17/17
  8415 | D:8      | Reached skill level 5 in Short Blades
  8415 | D:8      | Reached skill level 5 in Long Blades
  8415 | D:8      | Reached skill level 5 in Axes
  8415 | D:8      | Reached skill level 5 in Maces & Flails
  8415 | D:8      | Reached skill level 5 in Staves
  8415 | D:8      | Reached skill level 5 in Slings
  8415 | D:8      | Reached skill level 5 in Bows
  8415 | D:8      | Reached skill level 5 in Crossbows
  8415 | D:8      | Reached skill level 5 in Throwing
  8415 | D:8      | Reached skill level 5 in Stealth
  8415 | D:8      | Reached skill level 5 in Shields
  8415 | D:8      | Reached skill level 5 in Unarmed Combat
  8415 | D:8      | Reached skill level 5 in Spellcasting
  8415 | D:8      | Reached skill level 5 in Evocations
  9493 | D:8      | Found a staircase to the Lair.
  9592 | D:8      | Reached **** piety under Trog
 10449 | D:9      | Found Otaucw's Lightly-Used Armoury.
 10531 | D:9      | Noticed a five-headed hydra
 10535 | D:9      | Noticed Gastronok
 10542 | D:9      | Killed a five-headed hydra
 10556 | D:9      | Killed Gastronok
 10557 | D:9      | Reached skill level 5 in Conjurations
 10557 | D:9      | Reached skill level 5 in Hexes
 10557 | D:9      | Reached skill level 5 in Summonings
 10557 | D:9      | Reached skill level 5 in Necromancy
 10557 | D:9      | Reached skill level 5 in Translocations
 10557 | D:9      | Reached skill level 5 in Transmutations
 10557 | D:9      | Reached skill level 5 in Fire Magic
 10557 | D:9      | Reached skill level 5 in Ice Magic
 10557 | D:9      | Reached skill level 5 in Air Magic
 10557 | D:9      | Reached skill level 5 in Earth Magic
 10557 | D:9      | Reached skill level 5 in Poison Magic
 10557 | D:9      | Reached XP level 11. HP: 68/89 MP: 20/20
 11162 | Lair:1   | Entered Level 1 of the Lair of Beasts
 11824 | Lair:1   | Noticed a fire dragon
 11847 | Lair:1   | Killed a fire dragon
 12012 | Lair:1   | Noticed Sonja
 12040 | Lair:1   | HP: 3/89 [Sonja/+1 dagger of distortion (5)]
 12040 | Lair:1   | Demolished by Sonja

Illustrated notes

Levels and vault maps discovered:
D:1:      mrwooster_arrival_arrow, layout_basic,
          shapermc_ecumenical_altar_ellora, amcnicky_mini_pool_small
D:2:      layout_rooms, basic_altar, amcnicky_mini_corridor_feature,
          minmay_quantized
D:3:      layout_loops_cross, serial_shops, nicolae_shop_behind_doors
D:4:      layout_gridville, minmay_temple_entry_mist
D:5:      layout_loops_corners, uniq_menkaure, uniq_edmund, uniq_sigmund
D:6:      layout_basic, skrybe_limestone_x
D:7:      minmay_slanted_spiral_squares, layout_loops_ring,
          nicolae_overflow_hallway_of_the_gods, st_stairs_14, hex_medium,
          serial_park_tiny_2
D:8:      minmay_imperfect_grid, layout_loops_corners, st_stairs_5, uniq_harold
D:9:      layout_roguey, minmay_shop_damaged, minmay_misc_feat_more_columns,
          uniq_gastronok
Lair:1:   dragon1_lemuel, layout_cave_pods, grunt_megastairs_1, uniq_sonja

Skill      XL: |  1  2  3  4  5  6  7  8  9 10 11 |
---------------+----------------------------------+-----
Invocations    | 1 2 3 4 5 6 7 |  7.3
Short Blades   | 1 2 3 4 6 |  6.7
Long Blades    | 1 2 3 4 6 |  6.7
Axes           | 1 2 3 4 6 |  6.7
Maces & Flails | 1 2 3 4 6 |  6.7
Staves         | 1 2 3 4 6 |  6.7
Slings         | 1 2 3 4 6 |  6.7
Bows           | 1 2 3 4 6 |  6.7
Crossbows      | 1 2 3 4 6 |  6.7
Throwing       | 1 2 3 4 6 |  6.7
Stealth        | 1 2 3 4 6 |  6.7
Shields        | 1 2 3 4 6 |  6.7
Unarmed Combat | 1 2 3 4 6 |  6.7
Spellcasting   | 1 2 3 4 6 |  6.7
Evocations     | 1 2 3 4 6 |  6.7
Conjurations   | 1 2 3 4 5 |  5.5
Hexes          | 1 2 3 4 5 |  5.5
Summonings     | 1 2 3 4 5 |  5.5
Necromancy     | 1 2 3 4 5 |  5.5
Translocations | 1 2 3 4 5 |  5.5
Transmutations | 1 2 3 4 5 |  5.5
Fire Magic     | 1 2 3 4 5 |  5.5
Ice Magic      | 1 2 3 4 5 |  5.5
Air Magic      | 1 2 3 4 5 |  5.5
Earth Magic    | 1 2 3 4 5 |  5.5
Poison Magic   | 1 2 3 4 5 |  5.5
Armour         | 5 6 7 8 |  8.2
Dodging        | 5 6 7 8 |  8.2
Fighting       | 7 8 9 |  9.5
Polearms       | 7 8 9 |  9.5

Action                   |  1- 3 |  4- 6 |  7- 9 | 10-12 || total
-------------------------+-------+-------+-------+-------++-------
Melee: Spear             |   134 |    86 |       |   523 ||   743
       Bite              |     4 |    12 |    37 |    85 ||   138
       Punch             |     1 |     2 |     5 |    34 ||    42
       Trident           |       |   108 |   323 |    56 ||   487
Throw: Stone             |       |       |     9 |     7 ||    16
Invok: Berserk           |       |     2 |     6 |     6 ||    14
       Trog's Hand       |       |     1 |     6 |     5 ||    12
Evoke: Wand              |       |       |       |     6 ||     6
  Use: Scroll            |       |       |    12 |     7 ||    19
       Potion            |       |       |       |     2 ||     2
 Stab: Sleeping          |     1 |       |       |       ||     1
Armor: Leather armour    |     8 |       |       |       ||     8
       Chain mail        |    22 |    72 |   139 |   201 ||   434
Dodge: Dodged            |    38 |    62 |   128 |   183 ||   411
